 Dungeon Crawl Stone Soup version 0.19-a0-1735-g048f9dc (webtiles) character file.

6252 Djon the Grappler (level 10, -2/105 HPs)
             Began as a Troll Monk on Sept 30, 2016.
             Slain by a hill giant
             ... wielding a +0 giant spiked club
              (40 damage)
             ... on level 10 of the Dungeon.
             The game lasted 00:19:35 (8533 turns).

Djon the Grappler (Troll Monk)                      Turns: 8533, Time: 00:19:35

Health: -2/105     AC:  8    Str: 24    XL:     10   Next: 62%
Magic:  9/9        EV:  8    Int:  6    God:
Gold:   404        SH: 14    Dex: 12    Spells: 1 memorised, 8 levels left

rFire  + . .     SeeInvis .       - Unarmed
rCold  . . .     Gourm    +     M - +0 robe of Symuf {rPois MR+}
rNeg   . . .     Faith    .     q - +2 large shield
rPois  +         Spirit   .     (helmet restricted)
rElec  .         Dismiss  .     n - +2 cloak
rCorr  .         Reflect  .     (gloves unavailable)
MR     +....     Harm     .     (boots unavailable)
Stlth  ++........               (no amulet)
                                a - ring of stealth
                                u - ring of protection from fire

@: about to teleport, drained
A: unfitting armour, claws 3, fast metabolism 3, gourmand, regeneration 1,
shaggy fur 1, tough skin 2
a: no special abilities


You were on level 10 of the Dungeon.
You were very full.

You visited 2 branches of the dungeon, and saw 11 of its levels.

You collected 709 gold pieces.
You spent 305 gold pieces at shops.

Inventory:

Missiles
 w - a throwing net (quivered)
 y - 75 poisoned needles
Armour
 n - a +2 cloak (worn)
 q - a +2 large shield (worn)
 M - the +0 robe of Symuf (worn) {rPois MR+}
   (You bought it in a shop on level 7 of the Dungeon)

   It protects you from poison.
   It affects your resistance to hostile enchantments.
Jewellery
 a - a ring of stealth (right claw)
 d - an uncursed ring of magical power
 i - an uncursed ring of protection from magic
 u - a ring of protection from fire (left claw)
 E - an uncursed ring of magical power
Wands
 x - a wand of confusion (25/48)
 G - a wand of teleportation (1/9)
 N - a wand of paralysis (11/24)
 P - a wand of lightning (4/15)
 T - a wand of random effects (20/48)
 V - a wand of disintegration (16/24)
Scrolls
 e - 2 scrolls of enchant armour {unknown}
 f - 2 scrolls of fear {unknown}
 g - 3 scrolls of immolation {unknown}
 j - 8 scrolls of identify
 k - 12 scrolls of remove curse {unknown}
 m - a scroll of recharging {unknown}
 v - 2 scrolls of magic mapping {unknown}
 A - a scroll of noise {unknown}
 C - 3 scrolls of enchant weapon {unknown}
 D - a scroll of teleportation {unknown}
 F - 2 scrolls of fog {unknown}
 H - a scroll of amnesia {unknown}
 I - a scroll of random uselessness {unknown}
 W - a scroll of holy word {unknown}
Potions
 h - 3 potions of lignification {unknown}
 l - 4 potions of heal wounds {unknown}
 o - a potion of cure mutation {unknown}
 p - 2 potions of haste
 r - 5 potions of curing {unknown}
 s - 2 potions of magic {unknown}
 t - 2 potions of brilliance {unknown}
 z - 3 potions of flight {unknown}
 B - 3 potions of degeneration {unknown}
 J - a potion of mutation {unknown}
 K - a potion of invisibility {unknown}
Books
 L - a book of Misfortune

   Spells                             Type                      Level
   a - Confusing Touch                Hexes                        1
   b - Confuse                        Hexes                        3
   c - Gell's Gravitas                Hexes/Translocation          3
   d - Petrify                        Transmutation/Earth          4
   e - Metabolic Englaciation         Hexes/Ice                    5
   f - Yara's Violent Unravelling     Hexes/Transmutation          5
 U - a book of Party Tricks

   Spells                             Type                      Level
   a - Summon Butterflies             Summoning                    1
   b - Apportation                    Translocation                1
   c - Tukima's Dance                 Hexes                        3
   d - Alistair's Intoxication        Transmutation/Poison         5
   e - Invisibility                   Hexes                        6
Comestibles
 b - 9 bread rations
 c - 5 meat rations
 O - 3 fruits
 Q - 9 royal jellies
 R - 6 beef jerkies
 S - a slice of pizza


   Skills:
 + Level 8.3(8.0) Fighting
 + Level 8.1(7.8) Dodging
 - Level 1.1(0.8) Stealth
 - Level 10.0(9.7) Unarmed Combat


You had 8 spell levels left.
You knew the following spells:

 Your Spells              Type           Power        Failure   Level  Hunger
a - Summon Butterflies    Summ           #.......     100%        1    ##.....


Dungeon Overview and Level Annotations

Branches:
Dungeon (10/15)            Temple (1/1) D:5             Orc (0/2) D:9
   Lair: D:8-11

Altars:
Ashenzari
Cheibriados
Dithmenos
Elyvilon
Fedhas
Gozag
Hepliaklqana
Kikubaaqudgha
Makhleb
Nemelex Xobeh
Okawaru
Qazlal
Ru
Sif Muna
Trog
Vehumet
Xom
Yredelemnul
Zin
The Shining One

Shops:
D:4 }   D:5 %   D:7 ![!(   D:10 [


Innate Abilities, Weirdness & Mutations

You are too large for most types of armour.
You have claws for hands.
Your metabolism is lightning-fast.
You like to eat raw meat.
Your natural rate of healing is unusually fast.
You are covered in fur. (AC +1)
You have very tough skin. (AC +2)


Message History

You see here a throwing net.
You are held in a net!
You are held in a net!
You are held in a net!
You struggle against the net.
You struggle against the net.
The hill giant hits you with a giant spiked club!
You struggle against the net.
You struggle against the net.
The hill giant hits you with a giant spiked club!!!
You rip the net and break free!
The hill giant hits you with a giant spiked club!!
You see here a throwing net.
Okay, then.
Evoke which item? (* to show all) (? for menu, Esc to quit)
Zapping:
G - a wand of teleportation (2/9)
Press: ? - help, Shift-Dir - straight line, f - you You feel strangely unstable.
This wand has 1 charge left.
The hill giant hits you with a giant spiked club!!!
You die...

.....#####....###########
##.... .#####
##...........# #.... ##
########....####...#
##.##. #.........###
###.## ##.###.
#........## #..####.####.
# ##.########
##......###.. ###..#
###### ###.########..#
(##..## ##...C###...##
##..##
......#####(####@......#
##..## #..)..##...##
##......# #..##
##...####### #...#..#
#.## ###.## #...#..## #.#
##.## ######..# #.# ##.##
#.## #.## ##.# #.# ##.##
### ### ##.## ##.##


You could see a hill giant.

Vanquished Creatures
  The ghost of crazymagnet the Slicer, a novice DgWn (D:9)
  2 hippogriffs
  A shadow (D:6)
  3 yaks (D:9)
  Eustachio (D:5)
  A hungry ghost (D:10)
  2 soldier ants (D:8)
  3 orc warriors
  An ice beast (D:8)
  2 wasps
  4 sky beasts
  6 ogres
  3 centaurs
  5 bullfrogs
  A scorpion (D:4)
  2 killer bees (D:9)
  5 howler monkeys
  A centaur zombie (D:8)
  A crimson imp (D:9)
  4 hounds
  A jelly (D:9)
  2 bullfrog skeletons (D:6)
  16 orc priests
  A centaur skeleton (D:7)
  15 orc wizards
  2 iguanas (D:5)
  8 worker ants
  A killer bee zombie (D:8)
  A hound zombie (D:5)
  A hound skeleton (D:6)
  13 adders
  7 gnolls
  A river rat (D:5)
  3 shadow imps
  3 oozes
  An adder zombie (D:10)
  2 worms
  A dart slug (D:1)
  5 leopard geckos
  58 orcs
  6 giant cockroaches
  9 goblins
  3 hobgoblins
  4 quokkas
  2 ball pythons (D:5)
  2 ball python zombies (D:5)
  11 bats
  5 frilled lizards
  A jackal zombie (D:8)
  6 kobolds
  A leopard gecko skeleton (D:4)
  6 rats
247 creatures vanquished.

Vanquished Creatures (others)
  A plant (D:5)
1 creature vanquished.

Grand Total: 248 creatures vanquished

Notes
Turn   | Place    | Note
-------+----------+-------------------------------------------
     0 | D:1      | Djon the Troll Monk began the quest for the Orb.
     0 | D:1      | Reached XP level 1. HP: 22/22 MP: 0/0
   274 | D:1      | Reached XP level 2. HP: 29/29 MP: 1/1
   692 | D:2      | Reached skill level 4 in Unarmed Combat
   777 | D:2      | Reached XP level 3. HP: 36/36 MP: 2/2
   809 | D:2      | Found a shimmering altar of Xom.
  1428 | D:2      | Reached XP level 4. HP: 44/44 MP: 3/3
  1637 | D:3      | Reached skill level 5 in Unarmed Combat
  1970 | D:3      | Reached XP level 5. HP: 50/50 MP: 4/4
  1977 | D:3      | Reached skill level 6 in Unarmed Combat
  2517 | D:4      | Noticed a sky beast
  2541 | D:4      | Killed a sky beast
  2555 | D:4      | Found a hazy altar of Hepliaklqana.
  2560 | D:4      | Found a shattered altar of Ashenzari.
  2561 | D:4      | Found a snail-covered altar of Cheibriados.
  2569 | D:4      | Reached XP level 6. HP: 54/59 MP: 5/5
  2639 | D:4      | Reached skill level 7 in Unarmed Combat
  2825 | D:4      | Found Erpha Tor's Gadget Boutique.
  2925 | D:4      | Reached skill level 8 in Unarmed Combat
  2925 | D:4      | Reached XP level 7. HP: 66/66 MP: 6/6
  3200 | D:5      | Entered Level 5 of the Dungeon
  3245 | D:5      | Noticed Eustachio
  3302 | D:5      | Killed Eustachio
  3302 | D:5      | Reached skill level 9 in Unarmed Combat
  3596 | D:5      | Reached XP level 8. HP: 72/74 MP: 7/7
  3603 | D:5      | Found a staircase to the Ecumenical Temple.
  3612 | Temple   | Entered the Ecumenical Temple
  4015 | D:5      | Reached skill level 10 in Unarmed Combat
  4124 | D:5      | Found Uremubin's Food Shoppe.
  4564 | D:6      | Found an ancient bone altar of Kikubaaqudgha.
  4810 | D:7      | Reached XP level 9. HP: 87/87 MP: 8/8
  4827 | D:7      | Found Taix's Weapon Boutique.
  4893 | D:7      | Found a white marble altar of Elyvilon.
  4949 | D:7      | Reached skill level 5 in Fighting
  4982 | D:7      | Found Linac's Distillery.
  5007 | D:7      | Bought a potion of haste for 100 gold pieces
  5034 | D:7      | Found Idumorph's Distillery.
  5041 | D:7      | Reached skill level 5 in Dodging
  5076 | D:7      | Found Fiuw's Antique Armour Shop.
  5084 | D:7      | Bought a sheer robe for 205 gold pieces
  5094 | D:7      | Identified the +0 robe of Symuf {rPois MR+} (You bought it in a shop on level 7 of the Dungeon)
  5155 | D:7      | Found a sacrificial altar of Ru.
  5222 | D:7      | Found a basalt altar of Yredelemnul.
  6866 | D:9      | Found a staircase to the Orcish Mines.
  6989 | D:9      | Reached XP level 10. HP: 94/102 MP: 9/9
  7294 | D:9      | Noticed crazymagnet's ghost (novice DgWn)
  7333 | D:9      | Killed crazymagnet's ghost
  7563 | D:9      | Learned a level 1 spell: Summon Butterflies
  7687 | D:10     | Entered Level 10 of the Dungeon
  8154 | D:10     | Found Kycafol's Armour Shoppe.
  8520 | D:10     | Noticed a hill giant
  8533 | D:10     | Slain by a hill giant

Vault maps used:
D:1:      minmay_arrival_cross
D:2:      first_bread, st_stairs_1, tgw_xom
D:3:      serial_bayou_pond_c
D:4:      grunt_temple_overflow_open, serial_shops, nicolae_shop_waterfront
D:5:      serial_shops, shop, portal_sewer_entry_e, grunt_ministairs_4,
          serial_bayou_lake_a, uniq_eustachio
D:6:      kennysheep_little_box
D:7:      kennysheep_ying_yang, kennysheep_mini_moat, serial_shops, shop_statue,
          nicolae_shop_statue_plus, nicolae_shop_waterfront,
          nicolae_shop_crystal
D:8:      hangedman_pestilent_swarm
D:9:      hiddenorc2_lemuel
D:10:     serial_shops, shop
Temple:   minmay_temple_curvy_branch

Skill      XL: |  1  2  3  4  5  6  7  8  9 10 |
---------------+-------------------------------+-----
Unarmed Combat | 4 5 6 8 9 10 | 10.0
Dodging        | 4 6 8 |  8.1
Fighting       | 4 7 8 |  8.3
Stealth        | |  1.1

Action                   |  1- 3 |  4- 6 |  7- 9 | 10-12 || total
-------------------------+-------+-------+-------+-------++-------
Melee: Unarmed           |    75 |   158 |   419 |   170 ||   822
Evoke: Wand              |       |       |       |     1 ||     1
  Use: Scroll            |       |       |     1 |       ||     1
 Stab: Sleeping          |     2 |     5 |     6 |     1 ||    14
  Eat: Chunk             |    13 |    20 |    35 |    20 ||    88
       Meat ration       |       |       |     1 |       ||     1
Armor: Robe              |    41 |    36 |   117 |    26 ||   220
Dodge: Dodged            |    31 |    20 |    71 |    32 ||   154
Block: Large shield      |    21 |    75 |   287 |    89 ||   472
